 Dungeon Crawl Stone Soup version 0.18.1-48-g4cf74bf (webtiles) character file.

557 Rhoefr the Changer (level 7, 0/43 HPs)
             Began as an Octopode Transmuter on Aug 14, 2016.
             Killed from afar by an orc wizard (7 damage)
             ... with a magic dart
             ... on level 4 of the Dungeon.
             The game lasted 00:16:31 (3700 turns).

Rhoefr the Changer (Octopode Transmuter)            Turns: 3700, Time: 00:16:32

Health: 0/43       AC:  9    Str:  9    XL:     7   Next: 30%
Magic:  10/10      EV: 12    Int: 18    God:
Gold:   269        SH:  0    Dex: 12    Spells: 3 memorised, 2 levels left

rFire  . . .     SeeInvis .     p - +2 flail (protect)
rCold  . . .     Gourm    .     (no shield)
rNeg   . . .     Faith    .     (helmet restricted)
rPois  .         Spirit   .     (no amulet)
rElec  .         Dismiss  .     n - +3 ring of protection
rCorr  .         Reflect  .     (no ring)
SustAt .         Harm     .     (no ring)
MR     .....                    (no ring)
Stlth  ++........               (no ring)
                                (no ring)
                                (no ring)
                                (no ring)

@: not resistant to hostile enchantments, unstealthy
A: almost no armour, amphibious, 8 rings, constrict 8, camouflage 1, gelatinous
body 1
a: no special abilities


You were on level 4 of the Dungeon.
You were not hungry.

You visited 1 branch of the dungeon, and saw 4 of its levels.

You collected 269 gold pieces.

Inventory:

Hand Weapons
 p - a +2 flail of protection (weapon)
Missiles
 a - 50 arrows
Jewellery
 n - a +3 ring of protection (left tentacle)
 t - a +4 amulet of reflection {unknown}
Wands
 q - a wand of disintegration (16/24)
Scrolls
 e - a scroll of blinking {unknown}
 h - 2 scrolls of remove curse {unknown}
 i - 3 scrolls of identify {unknown}
 s - a scroll of enchant armour {unknown}
 u - a scroll of teleportation {unknown}
 v - a scroll of fear {unknown}
Potions
 g - a potion of haste
 j - 2 potions of cancellation {unknown}
 l - a potion of might
 m - 2 potions of agility {unknown}
 o - a potion of beneficial mutation {unknown}
 w - a potion of brilliance {unknown}
 x - 2 potions of flight {unknown}
Books
 b - a book of Changes

   Spells                             Type                      Level
   a - Beastly Appendage              Transmutation                1
   b - Sticks to Snakes               Transmutation                2
   c - Spider Form                    Transmutation/Poison         3
   d - Ice Form                       Ice/Transmutation            4
   e - Blade Hands                    Transmutation                5
Comestibles
 c - 3 bread rations
 d - 4 fruits
 f - 4 meat rations
 r - 2 beef jerkies


   Skills:
 - Level 1.0 Fighting
 - Level 2.0 Dodging
 - Level 3.8 Unarmed Combat
 - Level 2.0 Spellcasting
 * Level 7.4 Transmutations


You had 2 spell levels left.
You knew the following spells:

 Your Spells              Type           Power        Failure   Level  Hunger
a - Beastly Appendage     Trmt           ####..       1%          1    #......
b - Sticks to Snakes      Trmt           ####....     1%          2    ###....
c - Blade Hands           Trmt           ####......   28%         5    ######.


Dungeon Overview and Level Annotations

Branches:
Dungeon (4/15)
 Temple: D:4-7

Altars:


Innate Abilities, Weirdness & Mutations

You cannot wear most types of armour.
You are amphibious.
You can wear up to eight rings at the same time.
You can use your tentacles to constrict eight enemies at once.
Your skin changes colour to match your surroundings (Stealth).
Your rubbery body absorbs attacks (AC +1).


Message History

The phantom hits you but does no damage.
You closely miss the orc wizard. You grab the orc wizard.
The orc wizard is heavily wounded.
You constrict the orc wizard.
The orc wizard gestures wildly while chanting.
The orc wizard seems to speed up.
The phantom barely misses you.
You completely miss the orc wizard.
You squeeze the orc wizard, but do no damage.
The orc wizard is severely wounded.
You constrict the orc wizard.
The orc wizard hits you but does no damage.
The phantom hits you but does no damage.
The orc wizard mumbles some strange words.
The orc wizard blinks free!
You hit the phantom. You tentacle-slap the phantom.
The phantom is lightly damaged.
The phantom closely misses you.
The orc wizard gestures at you while chanting.
The magic dart hits you!
You die...

#..###.....# ..
... #..#
#...†.##+# ...
##.##.##.......
#...# #........
##..##.##......
##...# #......
##..##.####..
#####...# ..
........@#
.#####.oW#
#!.##)# #...#
#.. #..##. ..#
#... # ... #.##
.### #. #


You could see a phantom and an orc wizard.

Vanquished Creatures
  An ogre (D:4)
  A scorpion (D:3)
  6 orc wizards
  A worker ant (D:4)
  6 adders
  An ooze (D:3)
  5 dart slugs
  A giant gecko (D:4)
  12 orcs
  2 bats
  3 giant cockroaches
  3 goblins
  7 hobgoblins
  4 jackals
  3 kobolds
  A quokka (D:3)
  A ball python (D:3)
  4 giant newts
  6 rats
68 creatures vanquished.

Vanquished Creatures (collateral kills)
  The ghost of KarvaRausku the Gusty, an amateur DgAE (D:3)
  A gnoll (D:3)
  An adder (D:2)
3 creatures vanquished.

Grand Total: 71 creatures vanquished

Notes
Turn   | Place    | Note
--------------------------------------------------------------
     0 | D:1      | Rhoefr the Octopode Transmuter began the quest for the Orb.
     0 | D:1      | Reached XP level 1. HP: 13/13 MP: 3/3
   234 | D:1      | Reached XP level 2. HP: 18/18 MP: 5/5
   366 | D:1      | Reached skill level 3 in Transmutations
   377 | D:1      | Learned a level 2 spell: Sticks to Snakes
   717 | D:1      | Reached XP level 3. HP: 23/23 MP: 6/6
  1691 | D:2      | Reached XP level 4. HP: 25/28 MP: 5/7
  1992 | D:3      | Reached skill level 4 in Transmutations
  2014 | D:3      | Found a faded altar to an unknown god.
  2148 | D:3      | Reached XP level 5. HP: 31/33 MP: 8/8
  2156 | D:3      | Reached skill level 5 in Transmutations
  2511 | D:3      | Reached XP level 6. HP: 37/38 MP: 9/9
  2518 | D:3      | Learned a level 5 spell: Blade Hands
  2563 | D:3      | Noticed KarvaRausku's ghost (amateur DgAE)
  2605 | D:3      | Killed KarvaRausku's ghost
  2605 | D:3      | Reached skill level 6 in Transmutations
  3474 | D:4      | Reached XP level 7. HP: 26/43 MP: 10/10
  3648 | D:4      | Reached skill level 7 in Transmutations
  3700 | D:4      | Killed from afar by an orc wizard

Skill      XL: |  1  2  3  4  5  6  7 |
---------------+----------------------+-----
Transmutations | 3 4 5 6 7 |  7.4
Fighting       | |  1.0
Dodging        | |  2.0
Unarmed Combat | |  3.8
Spellcasting   | |  2.0

Action                   |  1- 3 |  4- 6 |  7- 9 || total
-------------------------+-------+-------+-------++-------
Melee: Unarmed           |    67 |    24 |       ||    91
       Constrict         |    17 |    24 |     2 ||    43
       Tentacles         |    12 |    21 |     2 ||    35
       Kick              |    11 |    18 |       ||    29
       Punch             |     4 |     2 |     1 ||     7
       Flail             |       |    82 |    18 ||   100
 Cast: Beastly Appendage |     8 |     7 |       ||    15
       Sticks to Snakes  |     1 |    11 |       ||    12
  Use: Potion            |     3 |       |       ||     3
 Stab: Sleeping          |     6 |     6 |     2 ||    14
  Eat: Chunk             |     3 |     6 |     1 ||    10
Armor: Skin              |     6 |    51 |     8 ||    65
Dodge: Dodged            |    45 |    45 |    15 ||   105
